 Dungeon Crawl Stone Soup version 0.24-a0-639-gb70a11d811 (webtiles) character file.

Game seed: 12768369557109121236, levelgen mode: deterministic

49 Bikalo the Poker (level 3, 0/29 HPs)
             Began as a Demonspawn Chaos Knight on Sept 23, 2019.
             Was a Plaything of Xom.
             Slain by an orc priest
             ... wielding a +0 short sword of flaming
              (3 damage)
             ... on level 5 of the Dungeon.
             The game lasted 00:03:09 (1870 turns).

Bikalo the Poker (Demonspawn Chaos Knight)          Turns: 1870, Time: 00:03:10

Health: 0/29       AC:  6    Str: 12    XL:     3   Next: 53%
Magic:  3/3        EV:  9    Int: 13    God:    Xom [*.....]
Gold:   79         SH:  0    Dex: 13    Spells: 2/2 levels left

rFire    . . .     SeeInvis .   a - +0 spear (chaos)
rCold    . . .     Gourm    .   (no shield)
rNeg     . . .     Faith    .   j - +0 scale mail
rPois    .         Spirit   .   (helmet restricted)
rElec    .         Reflect  .   (no cloak)
rCorr    .         Harm     .   (no gloves)
MR       .....                  (no boots)
Stlth    ..........             (no amulet)
HPRegen  0.09/turn              (no ring)
MPRegen  0.08/turn              (no ring)

@: no status effects
A: antennae 1
a: Renounce Religion


You were on level 5 of the Dungeon.
You worshipped Xom.
You were a special plaything of Xom.
You were not hungry.

You visited 1 branch of the dungeon, and saw 5 of its levels.

You collected 79 gold pieces.

Inventory:

Hand Weapons
 a - a +0 spear of chaos (weapon)
Armour
 b - a +2 leather armour
 j - a +0 scale mail (worn)
Jewellery
 m - a cursed -2 ring of intelligence {unknown}
Scrolls
 d - a scroll of random uselessness
 e - 2 scrolls of amnesia {unknown}
 f - 2 scrolls of fear
 h - 2 scrolls of remove curse
 i - 2 scrolls of teleportation {unknown}
Potions
 k - a potion of magic {unknown}
 l - a potion of heal wounds {unknown}
 n - a potion of curing {unknown}
Comestibles
 c - 5 rations
 g - 3 chunks of flesh


   Skills:
 + Level 3.4 Fighting
 * Level 3.4 Polearms
 - Level 2.0 Armour
 + Level 1.6 Dodging


You had 2 spell levels left.
You didn't know any spells.
Your spell library was empty.

Dungeon Overview and Level Annotations

Branches:
Dungeon (5/15)
 Temple: D:4-7

Altars:
Ashenzari
Hepliaklqana
Qazlal


Innate Abilities, Weirdness & Mutations

You have a pair of small antennae on your head.


Message History

The orc priest hits you but does no damage.
You climb downwards.
Your summoned ally is left behind.
Found 6 gold pieces.
There is a stone staircase leading up here.
You hit the orc priest but do no damage.
You hit the orc priest but do no damage.
The orc priest hits you but does no damage.
You closely miss the orc priest.
The orc priest calls down the wrath of Beogh upon you.
Pain shoots through your body!
* * * LOW HITPOINT WARNING * * *
You are too injured to fight recklessly!
You are too injured to fight recklessly!
You hit the orc priest but do no damage.
The orc priest flickers and vanishes!
Deactivating autopickup; reactivate with Ctrl-A.
Xom thinks this is hilarious!
Something hits you.
You die...
Xom yawns loudly!

### ..#
#$# #.#
#.# #@#
#.....{#
##.#####


There were no monsters in sight!

Vanquished Creatures
  An ooze (D:2)
  A leopard gecko (D:4)
  2 bats
  2 giant cockroaches
  3 goblins
  6 hobgoblins
  6 jackals
  7 kobolds
  A quokka (D:2)
  A ball python (D:2)
  2 frilled lizards (D:1)
  A quokka zombie (D:3)
  6 rats
39 creatures vanquished.

Notes
Turn   | Place    | Note
-------+----------+-------------------------------------------
     0 | D:1      | Bikalo the Demonspawn Chaos Knight began the quest for the
                  | Orb.
     0 | D:1      | Reached XP level 1. HP: 18/18 MP: 1/1
   111 | D:1      | Reached skill level 1 in Dodging
   367 | D:1      | Gained mutation: You have a pair of small antennae on your
                  | head. [demonic ancestry]
   367 | D:1      | Reached XP level 2. HP: 24/24 MP: 2/2
   484 | D:1      | XOM: cloud trail
   567 | D:1      | XOM: divination: magic mapping
   646 | D:1      | XOM: mild Summ miscast
   655 | D:1      | XOM: smoke on damage
   702 | D:1      | XOM: harmless Hex miscast
   821 | D:1      | XOM: harmless Hex miscast
  1027 | D:2      | XOM: stealth player
  1130 | D:2      | Found a hazy altar of Hepliaklqana.
  1185 | D:2      | XOM: harmless Erth miscast
  1207 | D:2      | Found a shattered altar of Ashenzari.
  1232 | D:2      | Reached XP level 3. HP: 25/29 MP: 3/3
  1315 | D:2      | XOM: medium Chrm miscast
  1674 | D:3      | Noticed a sky beast
  1698 | D:4      | Found a stormy altar of Qazlal.
  1698 | D:4      | XOM: fog
  1864 | D:4      | XOM: butterfly on damage
  1866 | D:5      | Entered Level 5 of the Dungeon
  1870 | D:5      | Slain by an orc priest

Levels and vault maps discovered:
D:1:      dpeg_arrival_round_c, layout_loops_corners
D:2:      layout_loops_ring, evilmike_ruin_ashenzari, lemuel_crystal_altar
D:3:      layout_basic, minmay_three_crescents
D:4:      layout_loops_ring, grunt_temple_overflow_opulence,
          grunt_qazlal_clouds, kennysheep_slug_shrine, portal_sewer_entry_e
D:5:      layout_loops_cross, minmay_temple_entry_hall, first_ration,
          uniq_grinder, uniq_duvessa, uniq_pikel

Skill      XL: |  1  2 |
---------------+-------+-----
Dodging        | 1 |  1.6
Polearms       | 3 |  3.4
Armour         | 2 |  2.0
Fighting       | |  3.4

Action                   || total
-------------------------++-------
Melee: Spear             ||   120
  Use: Scroll            ||     4
 Stab: Sleeping          ||     1
  Eat: Chunk             ||     3
Armor: Leather armour    ||    15
       Scale mail        ||    23
Dodge: Dodged            ||    42

Table legend:
 A = Non-vault XP
 B = Vault XP
 C = Vault XP percentage of total XP
 D = Non-vault monster count
 E = Vault monster count
 F = Vault count percentage of total count
                 A         B        C        D         E       F
            +---------+---------+-------+---------+---------+-------
      Total |      65 |       6 |   8.5 |      35 |       4 |  10.3
            +---------+---------+-------+---------+---------+-------
        D:1 |      23 |       0 |   0.0 |      14 |       0 |   0.0
        D:2 |      32 |       0 |   0.0 |      16 |       0 |   0.0
        D:3 |       1 |       4 |  80.0 |       1 |       3 |  75.0
        D:4 |       9 |       2 |  18.2 |       4 |       1 |  20.0
            +---------+---------+-------+---------+---------+-------
